 Dungeon Crawl Stone Soup version 0.31-a0-1098-g6898e6545c (webtiles) character file.

Game seed: 749674430961143988

756 Dirtsage the Trooper (level 7, -1/49 HPs)
             Began as an Octopode Fighter on Nov 30, 2023.
             Succumbed to a water moccasin's poison
             ... on level 5 of the Dungeon.
             The game lasted 00:10:15 (4367 turns).

Dirtsage the Trooper (Octopode Fighter)             Turns: 4367, Time: 00:10:16

Health: -1/49      AC:  1    Str: 15    XL:     7   Next: 79%
Magic:  0/7        EV: 14    Int: 10    God:
Gold:   199        SH:  5    Dex: 14    Spells: 6/6 levels left

rFire   . .          .
                       - Unarmed
rCold   . . .        a - +0 buckler
rNeg    . . .        (helmet currently unavailable)
rPois   .            c - amulet of guardian spirit
rElec   .            (no ring)
rCorr   .            (no ring)
SInv    .            (no ring)
Will    .....        (no ring)
Stlth   ++           (no ring)
HPRegen 0.28/turn    (no ring)
MPRegen 0.10/turn    (no ring)
                     (no ring)

%: guardian spirit
@: lethally poisoned (-1 -> -14), beast-form
A: beast (slay +2), almost no armour, amphibious, 8 rings, camouflage 1,
gelatinous body 1, (nimble swimmer 1), tentacles
a: Begin Untransformation


You were on level 5 of the Dungeon.
You were a hulking beast.
You visited 1 branch of the dungeon, and saw 5 of its levels.
You also visited: Sewer.

You collected 199 gold pieces.

Inventory:

Armour
 a - a +0 buckler (worn)
Jewellery
 c - an amulet of guardian spirit (around mantle)
Talismans
 i - a beast talisman (active)
Scrolls
 b - 6 scrolls of identify {unknown}
 e - a scroll of silence {unknown}
 f - a scroll of brand weapon {unknown}
 g - 2 scrolls of blinking {unknown}
 k - a scroll of fog {unknown}
 l - 4 scrolls of amnesia {unknown}
 m - a scroll of revelation {unknown}
 n - a scroll of immolation {unknown}
 r - a scroll of enchant weapon {unknown}
Potions
 d - a potion of might
 h - a potion of berserk rage {unknown}
 j - 3 potions of heal wounds {unknown}
 o - a potion of haste {unknown}
 p - a potion of attraction {unknown}


   Skills:
 + Level 4.9 Fighting
 + Level 4.7 Dodging
 - Level 3.0 Shields
 + Level 4.5 Unarmed Combat
 * Level 4.2 Shapeshifting


You had 6 spell levels left.
You didn't know any spells.
Your spell library was empty.

Dungeon Overview and Level Annotations

Branches:
Dungeon (5/15)              Sewer (visited)
 Temple: D:4-7

Altars:
Cheibriados


Innate Abilities, Weirdness & Mutations

You are a hulking beast.
Your limbs bulge with bestial killing power. (Slay +2)
You cannot wear most types of armour.
You are amphibious.
You can wear up to eight rings at the same time.
Your skin changes colour to match your surroundings (Stealth+).
Your rubbery body absorbs attacks. (AC +1, EV +1)
((You are camouflaged when in or above water. (Stealth+)))
You have tentacles for arms and can constrict up to eight enemies at once.


Message History

You tentacle-slap the ogre. Your squeeze misses the ogre.
The ogre is heavily wounded.
The water moccasin bites you. The ogre barely misses you.
You block the water moccasin's attack.
You take 4 damage, and have 32/49 hp.
You now have 4/7 mp.
You tentacle-slap the ogre.
The ogre is severely wounded.
The water moccasin bites you. The ogre barely misses you.
You take 3 damage, and have 29/49 hp.
You tentacle-slap the ogre.
The ogre is severely wounded.
The water moccasin closely misses you.
You tentacle-slap the ogre.
The ogre is almost dead.
The water moccasin bites you but does no damage.
The ogre hits you with a +0 giant club!!
Ouch! That really hurt!
* * * LOW HITPOINT WARNING * * *
You take 24 damage, and have 5/49 hp.
MASSIVE DAMAGE!!
You now have 1/7 mp.
You barely miss the ogre. You squeeze the ogre.
You kill the ogre!
You block the water moccasin's attack. x2
You feel better. The water moccasin bites you!
* * * LOW HITPOINT WARNING * * *
You are lethally poisoned!
The water moccasin poisons you!
You feel better. The water moccasin bites you.
* * * LOW HITPOINT WARNING * * *
You are lethally poisoned!
The water moccasin poisons you! The sleepcap barely misses you.
The water moccasin bites you.
* * * LOW HITPOINT WARNING * * *
You now have 0/7 mp.
You closely miss the water moccasin. Your grab misses the water moccasin.
* * * LOW HITPOINT WARNING * * *
You feel very sick. The sleepcap barely misses you.
The water moccasin closely misses you.
You take 4 damage, and have 2/49 hp.
You closely miss the water moccasin. Your grab misses the water moccasin.
You die...

#......#..#.....
#####..#..#..###
#......#..#.....
#......#..#.....
#..#####..#####.
#......#..#.....
#......#..#.....
#####..#..#..###
#..Sh..#..#.....
#..f...#..#.....
#..#####..#####.
#......#..#
#......#..#
#####..#..# #
#..#..# #.
#..#..# +.. +.
#..#


You could see a water moccasin and a sleepcap.

Vanquished Creatures
  An ogre (D:5)
  A phantom (D:5)
  A scorpion (D:5)
  A howler monkey (D:4)
  A jelly (D:4)
  A quasit (D:4)
  A hound (D:5)
  A hell rat (Sewer)
  8 gnolls
  9 adders
  2 river rats (D:3)
  3 shadow imps (D:4)
  3 white imps
  2 ufetubi (D:4)
  A worm (D:2)
  2 orcs
  10 ball pythons
  6 bats
  5 endoplasms
  3 giant cockroaches
  38 goblins
  27 hobgoblins
  7 jackals
  6 kobolds
  2 quokkas
  3 frilled lizards
  16 rats
161 creatures vanquished.

Notes
Turn   | Place    | Note
-------+----------+-------------------------------------------
     0 | D:1      | Dirtsage the Octopode Fighter began the quest for the Orb.
     0 | D:1      | Reached XP level 1. HP: 16/16 MP: 1/1
   142 | D:1      | Reached XP level 2. HP: 21/21 MP: 2/2
   325 | D:1      | Found a faded altar of an unknown god.
   333 | D:1      | Reached XP level 3. HP: 25/26 MP: 3/3
   909 | D:2      | Reached XP level 4. HP: 30/31 MP: 4/4
  1083 | D:2      | Reached skill level 1 in Shapeshifting
  1747 | D:3      | Reached XP level 5. HP: 32/37 MP: 3/5
  1756 | D:3      | Found a glowing drain.
  1761 | Sewer    | Entered a sewer
  2483 | D:4      | Reached XP level 6. HP: 43/43 MP: 6/6
  2848 | D:4      | Identified the +4 whip "Uheerikk" {drain, rF- rN+ Int+2}
  3294 | D:4      | Reached XP level 7. HP: 16/49 MP: 2/7
  3495 | D:4      | Found a snail-covered altar of Cheibriados.
  4134 | D:5      | Entered Level 5 of the Dungeon
  4366 | D:5      | HP: 2/49 [poisoned by a water moccasin]
  4367 | D:5      | Succumbed to a water moccasin's poison

Illustrated notes

Levels and vault maps discovered:
D:1:      zaba_arrival_water, layout_rooms,
          hellmonk_ecumenical_altar_heavens_door
D:2:      layout_basic
D:3:      layout_loops_ring, portal_sewer_entry_e, nrook_mini_vaults,
          minmay_crystal_water, kennysheep_crisscross, kennysheep_doodads
D:4:      minmay_goblin_kobold_castle, layout_rooms, cheibriados_altar_1,
          serial_demonic, serial_demonic_b, serial_demonic_a, serial_demonic_b,
          serial_demonic_d, roderic_roman_lattice,
          chequers_serial_rivers_large_b
D:5:      kennysheep_windowed_halls, layout_gridville,
          minmay_shop_enchanted_jewellery, uniq_prince_ribbit1

Skill      XL: |  1  2  3  4  5  6  7 |
---------------+----------------------+-----
Unarmed Combat | 3 4 |  4.5
Shapeshifting  | 1 2 3 4 |  4.2
Fighting       | 4 |  4.9
Dodging        | 4 |  4.7
Shields        | |  3.0

Action                     |  1- 3 |  4- 6 |  7- 9 || total
---------------------------+-------+-------+-------++-------
  Melee: Unarmed           |    72 |   231 |    67 ||   370
         Constrict         |    23 |    61 |    14 ||    98
         Tentacles         |    19 |    39 |    18 ||    76
         Punch             |     3 |     9 |       ||    12
    Use: Potion            |       |     1 |     2 ||     3
   Stab: Sleeping          |     4 |     9 |     1 ||    14
 Armour: Skin              |    23 |    97 |    37 ||   157
  Dodge: Dodged            |    36 |   129 |    16 ||   181
  Block: Buckler           |    18 |    53 |    16 ||    87
   Form: Beast             |     1 |       |       ||     1

Table legend: (Time is in decaauts)
 A = Elapsed time spent in this place.
 B = Non-inter-level travel time spent in this place.
 C = Inter-level travel time spent in this place.
 D = Time resting spent in this place.
 E = Time spent auto-exploring this place.
 F = Levels seen in this place.
 G = Mean time per level.
                   A        B        C        D        E       F      G
               +--------+--------+--------+--------+--------+-----+--------+
         Total |   4356 |   4220 |    136 |     82 |   3222 |   6 |  726.0 |
       Dungeon |   4284 |   4148 |    136 |     82 |   3190 |   5 |  856.8 |
         Sewer |     71 |     71 |      0 |      0 |     32 |   1 |   71.0 |
               +--------+--------+--------+--------+--------+-----+--------+

Top non-repeatable levels by time:
     D:4: 1765 daAuts
     D:3: 874 daAuts
     D:2: 782 daAuts
     D:1: 631 daAuts
     D:5: 231 daAuts
   Sewer: 71 daAuts
